Match 46296278
Unlisted

Match 46296278
End
Construct Infanterie Kompanie
Selects Terror Battlegroup
MG 42 Machine Gun Team
Selects Heavy Gunnery
Grenadier Squad
Sniper
Grenadier Squad
Construct Panzergrenadier Kompanie
251 Medium Carrier
Selects Interrogate
Infanterie Officer Quarters
Pak 40 Anti-tank Gun Team
Selects Propaganda Leaflet Drop
Construct Panzer Kompanie
Stoßtruppen Squad
Panzer IV Medium Tank
Propaganda Leaflet Drop
Medical Bunker
Selects V1 Rocket Strike
Kettenkrad Recon Vehicle
Sturmpanzer IV Brummbär
V1 Rocket Strike
Panzer IV Medium Tank
Side Skirts
Panzer Officer Quarters
V1 Rocket Strike
Selects No Quarter
Panzer IV Medium Tank
Stoßtruppen Squad
GrW 34 Mortar Team
Pioneer Squad
V1 Rocket Strike
Panzer IV Medium Tank
Support Elements
Selects King Tiger Heavy Tank
TwistedTootsy
FoxOnTheFront
Penultimate Peacock
Phan
MrBlueSteel
Yttrium
0
0

Comments sign in to comment!

No comments posted yet!